 Dungeon Crawl Stone Soup version 0.21-a0-153-g78480df (webtiles) character file.

138 Manul the Insei (level 5, -2/41 HPs)
             Began as a Demonspawn Monk on Aug 2, 2017.
             Killed from afar by Ijyb (10 damage)
             ... with a wand of flame (?/48)
             ... on level 3 of the Dungeon.
             The game lasted 00:02:28 (2624 turns).

Manul the Insei (Demonspawn Monk)                   Turns: 2624, Time: 00:02:29

Health: -2/41      AC: 10    Str: 12    XL:     5   Next: 1%
Magic:  5/5        EV: 10    Int: 11    God:
Gold:   137        SH:  0    Dex: 18    Spells: 4/4 levels left

rFire    . . .     SeeInvis .     - Unarmed
rCold    . . .     Gourm    .   (no shield)
rNeg     . . .     Faith    .   d - +0 scale mail
rPois    .         Spirit   .   l - +0 helmet
rElec    .         Reflect  .   (no cloak)
rCorr    .         Harm     .   (no gloves)
MR       .....                  i - +2 pair of boots
Stlth    +.........             (no amulet)
HPRegen  0.13/turn              c - +2 ring of dexterity
MPRegen  0.09/turn              (no ring)

@: no status effects
A: talons 2, powered by pain 1, rot immunity
a: no special abilities


You were on level 3 of the Dungeon.
You were not hungry.

You visited 1 branch of the dungeon, and saw 3 of its levels.

You collected 137 gold pieces.

Inventory:

Armour
 a - a +0 robe
 d - a +0 scale mail (worn)
 i - a +2 pair of boots (worn)
 l - a +0 helmet (worn)
Jewellery
 c - a +2 ring of dexterity (left hand)
 m - a +4 ring of protection {unknown}
Scrolls
 e - 2 scrolls of identify {unknown}
 k - a scroll of enchant weapon {unknown}
Potions
 f - 2 potions of heal wounds {unknown}
 h - 2 potions of curing {unknown}
 n - 2 potions of haste {unknown}
 o - 2 potions of brilliance {unknown}
Comestibles
 b - 4 bread rations
 g - 4 meat rations
 j - a chunk of flesh


   Skills:
 + Level 3.4 Fighting
 + Level 1.3 Armour
 + Level 3.3 Dodging
 + Level 1.9 Stealth
 + Level 4.1 Unarmed Combat


You had 4 spell levels left.
You didn't know any spells.

Dungeon Overview and Level Annotations

Branches:
Dungeon (3/15)

Altars:
Hepliaklqana
Trog

Annotations:
D:3 Ijyb


Innate Abilities, Weirdness & Mutations

You have razor-sharp toenails.
You sometimes gain a little power by taking damage.
You are immune to rotting.


Message History

Ijyb hits you.
You hit Ijyb.
Ijyb is heavily wounded.
Ijyb hits you but does no damage.
You closely miss Ijyb.
Ijyb is heavily wounded.
Ijyb barely misses you.
You hit Ijyb but do no damage.
Ijyb is heavily wounded.
Ijyb barely misses you.
You hit Ijyb.
Ijyb is severely wounded.
You hit Ijyb.
Ijyb is almost dead.
Ijyb zaps a wand.
The puff of flame hits you!
* * * LOW HITPOINT WARNING * * *
You hit Ijyb but do no damage.
Ijyb is almost dead.
Ijyb zaps a wand.
The puff of flame hits you!
You die...

## #.
#######################.
....rgg@....รท...........
.....#####.############.
... #... #. . #....# ##
#!...##########
#....'.........
#....######..## #....#
#..## ....######..##


You could see Ijyb, a hobgoblin and a rat.

Vanquished Creatures
  An orc wizard (D:3)
  3 adders
  A gnoll (D:1)
  3 worms
  A dart slug (D:1)
  4 orcs (D:3)
  2 giant cockroaches
  4 goblins
  9 hobgoblins
  10 jackals
  A kobold (D:1)
  6 bats
  5 frilled lizards
  7 rats
57 creatures vanquished.

Notes
Turn   | Place    | Note
-------+----------+-------------------------------------------
     0 | D:1      | Manul the Demonspawn Monk began the quest for the Orb.
     0 | D:1      | Reached XP level 1. HP: 18/18 MP: 1/1
    41 | D:1      | Gained mutation: You have sharp toenails. [demonic ancestry]
    41 | D:1      | Reached XP level 2. HP: 7/24 MP: 2/2
   487 | D:1      | Reached skill level 3 in Unarmed Combat
   718 | D:1      | Gained mutation: You sometimes gain a little power by taking damage. [demonic ancestry]
   718 | D:1      | Reached XP level 3. HP: 23/29 MP: 3/3
  1687 | D:2      | Found a hazy altar of Hepliaklqana.
  1776 | D:2      | Found a bloodstained altar of Trog.
  1876 | D:2      | Gained mutation: You are immune to rotting. [demonic ancestry]
  1876 | D:2      | Reached XP level 4. HP: 26/35 MP: 4/4
  2176 | D:2      | Reached skill level 1 in Armour
  2588 | D:3      | Noticed Ijyb
  2594 | D:3      | Reached skill level 4 in Unarmed Combat
  2605 | D:3      | Gained mutation: You have razor-sharp toenails. [demonic ancestry]
  2605 | D:3      | Reached XP level 5. HP: 31/41 MP: 5/5
  2624 | D:3      | Killed from afar by Ijyb

Vault maps used:
D:1:      dpeg_arrival_pits
D:2:      nicolae_overflow_crystal_walls, bloody_trog
D:3:      lemuel_round_altar, uniq_jessica, uniq_ijyb

Skill      XL: |  1  2  3  4 |
---------------+-------------+-----
Unarmed Combat | 3 4 |  4.1
Dodging        | 3 |  3.3
Armour         | 1 |  1.3
Fighting       | |  3.4
Stealth        | |  1.9

Action                   |  1- 3 |  4- 6 || total
-------------------------+-------+-------++-------
Melee: Unarmed           |   180 |   110 ||   290
       Kick              |    11 |       ||    11
       Punch             |     1 |     4 ||     5
  Eat: Chunk             |     3 |     3 ||     6
Armor: Scale mail        |    62 |    35 ||    97
Dodge: Dodged            |    95 |    42 ||   137
